 Dungeon Crawl Stone Soup version 0.29.0-4-gdea44cf6ec (webtiles) character file.

Game seed: 5770712738612324387

31 qw the Caller (level 3, -5/28 HPs)
             Began as a Ghoul Summoner on Sept 9, 2022.
             Killed from afar by Sigmund (6 damage)
             ... with a magic dart
             ... on level 2 of the Dungeon.
             The game lasted 00:00:41 (1986 turns).

qw the Caller (Ghoul Summoner)                      Turns: 1986, Time: 00:00:41

Health: -5/28      AC:  5    Str: 13    XL:     3   Next: 22%
Magic:  4/4        EV: 10    Int: 10    God:
Gold:   39         SH:  0    Dex:  9    Spells: 4/5 levels left

rFire   . . .      SeeInvis .   Y - +0 flail
rCold   + . .      Faith    .   (no shield)
rNeg    + + +      Spirit   .   c - +0 ring mail
rPois   inf        Reflect  .   (no helmet)
rElec   .          Harm     .   (no cloak)
rCorr   .          Rampage  .   (no gloves)
Will    .....                   (no boots)
Stlth   +.........              (no amulet)
HPRegen 0.00/turn               (no ring)
MPRegen 0.09/turn               (no ring)

@: inhibited regen
A: claws 1, cold resistance 1, negative energy resistance 3, inhibited
regeneration, torment resistance 2, devour on kill
a: no special abilities


You were on level 2 of the Dungeon.
You visited 1 branch of the dungeon, and saw 2 of its levels.

You collected 39 gold pieces.


Innate Abilities, Weirdness & Mutations

You are immune to poison.
You have sharp fingernails.
Your flesh is cold resistant. (rC+)
You are immune to negative energy. (rN+++)
You do not regenerate when monsters are visible.
You are immune to unholy pain and torment.
You thrive by killing the living.


   Skills:
 + Level 1.5 Fighting
 - Level 2.0 Axes
 - Level 1.7 Dodging
 - Level 2.1 Stealth
 - Level 1.7 Spellcasting
 - Level 3.6 Summonings


You had 4 spell levels left.
You knew the following spells:

 Your Spells              Type           Power      Damage    Failure   Level
a - Summon Small Mammal   Summ           32%        N/A       16%         1

Your spell library contained the following spells:

 Spells                   Type           Power      Damage    Failure   Level
 Call Imp                 Summ           8%         N/A       24%         2
 Call Canine Familiar     Summ           8%         N/A       43%         3
 Summon Guardian Golem    Hex/Summ       4%         N/A       71%         3
 Summon Lightning Spire   Summ/Air       4%         N/A       98%         4

Inventory:

Hand Weapons
 Y - a +0 flail (weapon)
Armour
 c - a +0 ring mail (worn)
Scrolls
 e - a scroll of identify
Potions
 g - a potion of resistance {unknown}

Dungeon Overview and Level Annotations

Branches:
Dungeon (2/15)

Altars:

Annotations:
D:2 Sigmund


Message History

Nothing appears to happen.
1970 ||| STAIRDANCE Sigmund breathes a few words.
Sigmund's hands start flickering wildly.
Sigmund hits you but does no damage.
You climb upwards.
There is a stone staircase leading down here.
You start resting.
Your magical contamination has completely faded away.
Magic restored.
Done exploring.
(D) Dungeon
Where to? (* - list waypoints, Enter - D:2, ? - help)
What level of the Dungeon? (default 1, ? - help)
You climb downwards.
Level annotation: Sigmund Sigmund gestures wildly while chanting.
Sigmund flickers and vanishes!
Deactivating autopickup; reactivate with Ctrl-A.
There is a stone staircase leading up here.
There is a strange disturbance nearby!
You hear a zap.
The roots erupt in riotous growth!
The grasping roots grab you!
You are constricted.
You escape the roots grasp.
You hear a zap.
The roots erupt in riotous growth!
The grasping roots grab you!
You are constricted.
You closely miss something. Something hits you!
You are constricted.
You barely miss something. Something hits you.
You are constricted.
The grasping roots release their grip on you.
You miss something.
You hear some strange, mumbled words.
A magic dart appears from out of thin air!
The magic dart hits you.
You die...

#####
##+##...
#......#
#......#
#....<.#
#......#
#....@.#
#.....{#
#......#
##+#####


There were no monsters in sight!

Vanquished Creatures
  A dart slug (D:1)
  An endoplasm (D:1)
  2 giant cockroaches (D:1)
  A goblin (D:1)
  4 jackals (D:1)
  2 ball pythons (D:1)
  3 bats (D:1)
  2 kobolds (D:1)
  2 rats (D:1)
18 creatures vanquished.

Vanquished Creatures (collateral kills)
  A ball python (D:1)
  2 goblins (D:1)
  A hobgoblin (D:1)
  2 jackals (D:1)
  A kobold (D:1)
  A frilled lizard (D:1)
8 creatures vanquished.

Grand Total: 26 creatures vanquished

Notes
Turn   | Place    | Note
-------+----------+-------------------------------------------
     0 | D:1      | qw the Ghoul Summoner began the quest for the Orb.
     0 | D:1      | Reached XP level 1. HP: 14/14 MP: 2/2
     0 | D:1      | 0 ||| qw: Version: 0.1-a-113-g051387a
     0 | D:1      | 0 ||| qw: Game counter: 7263
     0 | D:1      | 0 ||| qw: Always use a shield: true
     0 | D:1      | 0 ||| qw: God list: Okawaru
     0 | D:1      | 0 ||| qw: Allow faded altars: false
     0 | D:1      | 0 ||| qw: Do Orc after D:15 true
     0 | D:1      | 0 ||| qw: Do second Lair branch before Depths: true
     0 | D:1      | 0 ||| qw: Lair rune preference: random
     0 | D:1      | 0 ||| qw: Plans: Normal
     0 | D:1      | 0 ||| PLANNING D:1-11
    31 | D:1      | 31 ||| CASTING Summon Small Mammal
    32 | D:1      | 32 ||| CASTING Summon Small Mammal
   157 | D:1      | 157 ||| CASTING Summon Small Mammal
   158 | D:1      | 158 ||| CASTING Summon Small Mammal
   160 | D:1      | 160 ||| Stepping ~*~*~tactically~*~*~ (outnumbered).
   164 | D:1      | Reached skill level 1 in Axes
   168 | D:1      | Reached XP level 2. HP: 20/22 MP: 0/3
   170 | D:1      | 170 ||| Stepping ~*~*~tactically~*~*~ (outnumbered).
   171 | D:1      | 171 ||| CASTING Summon Small Mammal
   173 | D:1      | Reached skill level 1 in Fighting
   182 | D:1      | 182 ||| CASTING Summon Small Mammal
   219 | D:1      | 219 ||| Stepping ~*~*~tactically~*~*~ (stealth).
   221 | D:1      | 221 ||| CASTING Summon Small Mammal
   223 | D:1      | 223 ||| CASTING Summon Small Mammal
   224 | D:1      | 224 ||| CASTING Summon Small Mammal
   286 | D:1      | 286 ||| Wielding weapon +0 dagger.
   310 | D:1      | 310 ||| CASTING Summon Small Mammal
   311 | D:1      | 311 ||| CASTING Summon Small Mammal
   312 | D:1      | 312 ||| CASTING Summon Small Mammal
   364 | D:1      | 364 ||| SWAPPING to +0 flail.
   365 | D:1      | 365 ||| DROPPING +0 dagger.
   373 | D:1      | 373 ||| CASTING Summon Small Mammal
   374 | D:1      | 374 ||| Stepping ~*~*~tactically~*~*~ (stealth).
   378 | D:1      | 378 ||| CASTING Summon Small Mammal
   379 | D:1      | 379 ||| CASTING Summon Small Mammal
   385 | D:1      | 385 ||| CASTING Summon Small Mammal
   475 | D:1      | 475 ||| CASTING Summon Small Mammal
   476 | D:1      | 476 ||| CASTING Summon Small Mammal
   477 | D:1      | 477 ||| CASTING Summon Small Mammal
   535 | D:1      | 535 ||| CASTING Summon Small Mammal
   536 | D:1      | 536 ||| CASTING Summon Small Mammal
   537 | D:1      | 537 ||| CASTING Summon Small Mammal
   575 | D:1      | 575 ||| CASTING Summon Small Mammal
   576 | D:1      | 576 ||| CASTING Summon Small Mammal
   577 | D:1      | 577 ||| CASTING Summon Small Mammal
   664 | D:1      | 664 ||| CASTING Summon Small Mammal
   665 | D:1      | 665 ||| CASTING Summon Small Mammal
   666 | D:1      | 666 ||| CASTING Summon Small Mammal
   748 | D:1      | 748 ||| CASTING Summon Small Mammal
   749 | D:1      | 749 ||| CASTING Summon Small Mammal
   750 | D:1      | 750 ||| CASTING Summon Small Mammal
   755 | D:1      | Reached XP level 3. HP: 26/28 MP: 0/4
   850 | D:1      | 850 ||| CASTING Summon Small Mammal
   851 | D:1      | 851 ||| CASTING Summon Small Mammal
   852 | D:1      | 852 ||| CASTING Summon Small Mammal
   853 | D:1      | 853 ||| CASTING Summon Small Mammal
   858 | D:1      | 858 ||| Stepping ~*~*~tactically~*~*~ (stealth).
   875 | D:1      | 875 ||| CASTING Summon Small Mammal
   876 | D:1      | 876 ||| CASTING Summon Small Mammal
   933 | D:1      | 933 ||| CASTING Summon Small Mammal
   934 | D:1      | 934 ||| CASTING Summon Small Mammal
   935 | D:1      | 935 ||| CASTING Summon Small Mammal
   936 | D:1      | 936 ||| CASTING Summon Small Mammal
   944 | D:1      | 944 ||| CASTING Summon Small Mammal
   994 | D:1      | 994 ||| CASTING Summon Small Mammal
   995 | D:1      | 995 ||| CASTING Summon Small Mammal
   996 | D:1      | 996 ||| CASTING Summon Small Mammal
   997 | D:1      | 997 ||| CASTING Summon Small Mammal
  1099 | D:1      | 1099 ||| CASTING Summon Small Mammal
  1100 | D:1      | 1100 ||| CASTING Summon Small Mammal
  1101 | D:1      | 1101 ||| CASTING Summon Small Mammal
  1102 | D:1      | 1102 ||| CASTING Summon Small Mammal
  1110 | D:1      | 1110 ||| CASTING Summon Small Mammal
  1282 | D:1      | 1282 ||| UPGRADING to +0 ring mail.
  1292 | D:1      | 1292 ||| DROPPING +0 robe.
  1293 | D:1      | 1293 ||| READING 3 scrolls labelled WUKLUAHIRPH.
  1294 | D:1      | 1294 ||| READING scroll labelled PENUOMO ZIMP.
  1295 | D:1      | 1295 ||| READING 2 scrolls of identify.
  1295 | D:1      | 1295 ||| IDENTIFYING emerald potion
  1296 | D:1      | 1296 ||| DROPPING potion of magic.
  1297 | D:1      | 1297 ||| DROPPING potion of attraction.
  1328 | D:2      | Noticed Sigmund
  1329 | D:2      | 1329 ||| CASTING Summon Small Mammal
  1330 | D:2      | 1330 ||| STAIRDANCE
  1332 | D:1      | 1332 ||| CASTING Summon Small Mammal
  1333 | D:1      | 1333 ||| CASTING Summon Small Mammal
  1334 | D:1      | 1334 ||| CASTING Summon Small Mammal
  1545 | D:2      | 1545 ||| CASTING Summon Small Mammal
  1546 | D:2      | 1546 ||| STAIRDANCE
  1558 | D:2      | 1558 ||| STAIRDANCE
  1683 | D:2      | 1683 ||| STAIRDANCE
  1718 | D:2      | 1718 ||| CASTING Summon Small Mammal
  1719 | D:2      | 1719 ||| STAIRDANCE
  1732 | D:2      | 1732 ||| CASTING Summon Small Mammal
  1733 | D:2      | 1733 ||| STAIRDANCE
  1856 | D:2      | 1856 ||| STAIRDANCE
  1969 | D:2      | 1969 ||| CASTING Summon Small Mammal
  1970 | D:2      | 1970 ||| STAIRDANCE
  1985 | D:2      | HP: 7/28 [something (2)]
  1985 | D:2      | HP: 1/28 [something (6)]
  1986 | D:2      | Killed from afar by Sigmund

Levels and vault maps discovered:
D:1:      lightli_arrival_statuegarden, layout_basic, minmay_misc_feat_roman
D:2:      layout_basic, uniq_sigmund, uniq_natasha, uniq_terence

Skill      XL: |  1  2  3 |
---------------+----------+-----
Axes           | 1 2 |  2.0
Fighting       | 1 |  1.5
Dodging        | |  1.7
Stealth        | |  2.1
Spellcasting   | |  1.7
Summonings     | |  3.6

Action                   || total
-------------------------++-------
Melee: Unarmed           ||    30
       Flail             ||    32
       Dagger            ||     1
 Cast: Summon Small Mamm ||    51
  Use: Scroll            ||     3
Armor: Robe              ||    16
       Ring mail         ||     1
Dodge: Dodged            ||    51

Table legend:
 A = Non-vault XP
 B = Vault XP
 C = Vault XP percentage of total XP
 D = Non-vault monster count
 E = Vault monster count
 F = Vault count percentage of total count
                 A         B        C        D         E       F
            +---------+---------+-------+---------+---------+-------
      Total |      45 |       0 |   0.0 |      26 |       0 |   0.0
            +---------+---------+-------+---------+---------+-------
        D:1 |      45 |       0 |   0.0 |      26 |       0 |   0.0
            +---------+---------+-------+---------+---------+-------
